 Dungeon Crawl Stone Soup version 0.22.1-5-g62c59d9 (webtiles) character file.

13188 wyoknott the Blocker (level 11, -5/145 HPs)
             Began as a Minotaur Fighter on Jan 11, 2019.
             Was an Elder of Trog.
             Slain by a six-headed hydra (10 damage)
             ... on level 11 of the Dungeon.
             The game lasted 00:44:26 (9765 turns).

wyoknott the Blocker (Minotaur Fighter)             Turns: 9765, Time: 00:44:29

Health: -5/145     AC: 11    Str: 28    XL:     11   Next: 72%
Magic:  10/10      EV: 15    Int:  5    God:    Trog [****..]
Gold:   585        SH: 19    Dex: 11    Spells: 10/10 levels left

rFire    + . .     SeeInvis .   W - -2 falchion (curse)
rCold    x . .     Gourm    .   c - +0 shield
rNeg     . . .     Faith    .   K - +0 troll leather armour {Purgy}
rPois    +         Spirit   .   F - +1 hat
rElec    .         Reflect  +   L - +1 cloak {rPois}
rCorr    .         Harm     .   T - +0 pair of gloves
MR       .....                  w - +0 pair of boots
Stlth    ..........             E - +6 amulet of reflection
HPRegen  0.74/turn              r - ring of fire
MPRegen  0.12/turn              t - ring of poison resistance

@: berserking, very quick
A: retaliatory headbutt, horns 2
a: Berserk, Trog's Hand, Brothers in Arms, Renounce Religion


You were on level 11 of the Dungeon.
You worshipped Trog.
Trog was greatly pleased with you.
You were not hungry.

You visited 2 branches of the dungeon, and saw 12 of its levels.
You also visited: Sewer and Ossuary.

You collected 585 gold pieces.

Inventory:

Hand Weapons
 a - a -1 flail
 b - a +3 broad axe of electrocution
 s - a +3 whip
 x - a +0 short sword of venom
 M - a +2 hand axe of chopping
 R - the +1 hand axe of the Turnip {freeze, rN+ MP+9}
   (You found it on level 10 of the Dungeon)

   It has been specially enchanted to freeze those struck by it, causing extra
   injury to most foes and up to half again as much damage against particularly
   susceptible opponents.
   It can also slow down cold-blooded creatures.
   It protects you from negative energy.
   It affects your magic capacity (+9).
 U - a +4 scimitar of holy wrath
 V - a +4 spear
 W - a cursed -2 falchion (weapon)
Missiles
 N - 12 tomahawks (quivered)
Armour
 c - a +0 shield (worn)
 w - a +0 pair of boots (worn)
 F - a +1 hat (worn)
 K - a +0 troll leather armour (worn) {Purgy}
 L - a +1 cloak of poison resistance (worn)
 T - a +0 pair of gloves (worn)
Jewellery
 g - a +2 ring of evasion {unknown}
 r - a ring of fire (left hand)
 t - a ring of poison resistance (right hand)
 v - an uncursed ring of teleportation
 E - a +6 amulet of reflection (around neck)
 O - an uncursed amulet of guardian spirit {unknown}
Wands
 l - a wand of clouds (7)
 H - a wand of paralysis (11)
 J - a wand of disintegration (24)
 P - a wand of iceblast (9)
 Q - a wand of random effects (36)
Scrolls
 e - 2 scrolls of fog
 h - 2 scrolls of enchant armour
 k - 3 scrolls of random uselessness
 q - 6 scrolls of magic mapping
 y - 3 scrolls of remove curse
 z - a scroll of immolation
 C - 3 scrolls of teleportation
 D - 2 scrolls of amnesia
 S - a scroll of torment {unknown}
Potions
 d - 3 potions of might
 i - 2 potions of brilliance
 j - 5 potions of curing
 n - 3 potions of mutation
 o - a potion of invisibility
 p - 2 potions of agility
 u - a potion of haste {unknown}
 A - 3 potions of heal wounds
 B - 2 potions of lignification
 G - 2 potions of flight
 I - a potion of degeneration {unknown}
Miscellaneous
 m - a box of beasts
Comestibles
 f - 14 rations


   Skills:
 + Level 9.1 Fighting
 + Level 1.5 Long Blades
 + Level 8.0(10.8) Axes
 + Level 11.4(12.3) Maces & Flails
 + Level 0.1 Throwing
 + Level 7.5 Armour
 + Level 7.6 Dodging
 + Level 1.2 Stealth
 + Level 11.9 Shields


You had 10 spell levels left.
You didn't know any spells.
Your spell library was empty.

Dungeon Overview and Level Annotations

Branches:
Dungeon (11/15)            Temple (1/1) D:6            Lair (0/6) D:10
    Orc (0/2) D:9

Altars:
Ashenzari
Cheibriados
Dithmenos
Elyvilon
Fedhas
Gozag
Hepliaklqana
Makhleb
Okawaru
Qazlal
Sif Muna
Trog
Uskayaw
Wu Jian
Jiyva


Innate Abilities, Weirdness & Mutations

You reflexively headbutt those who attack you in melee.
You have a pair of horns on your head.


Message History

You barely miss the four-headed hydra. You headbutt the four-headed hydra.
The four-headed hydra is lightly wounded.
You block the four-headed hydra's attack.
The four-headed hydra bites you.
* * * LOW HITPOINT WARNING * * *
The four-headed hydra bites you but does no damage.
The four-headed hydra bites you!
* * * LOW HITPOINT WARNING * * *
You are too berserk!
You slice one of the four-headed hydra's heads off!
The three-headed hydra grows two more!
You slice the five-headed hydra!! You headbutt the five-headed hydra!
The five-headed hydra is moderately wounded.
You slice one of the five-headed hydra's heads off!
The four-headed hydra grows two more!
You slice the six-headed hydra!! You headbutt the six-headed hydra!
The six-headed hydra is heavily wounded.
The six-headed hydra bites you but does no damage.
The six-headed hydra bites you!
You die...

#. #. #. #. #.
#####.## ##......#
####### ......D@#
#...... ##.####.#
#.#....
#.##########.#.###
#...>........#.#
####...#######.#
#...# #.# .......
#.# #.......# #.#
#.........


You could see a six-headed hydra.

Vanquished Creatures
  2 two-headed ogres
  An unseen horror (D:10)
  A glowing orange brain (D:10)
  Pikel (D:8)
  A cyclops (D:11)
  Joseph (D:8)
  The ghost of onlghost the Sneak, a novice OpAs (D:4)
  A troll (D:11)
  4 hippogriffs
  6 slime creatures (D:10)
  6 yaks (D:10)
  A vampire (D:9)
  4 hogs (D:9)
  A human (D:9)
  A hungry ghost (D:9)
  Grum (D:8)
  Menkaure (Ossuary)
  Edmund (D:6)
  A water moccasin (D:7)
  Purgy (Sewer)
  3 ice beasts
  2 orc warriors
  A black bear (D:11)
  2 sky beasts
  2 ogres
  4 centaurs
  5 phantoms
  2 wolves (D:8)
  A crocodile (D:11)
  A big kobold (D:10)
  8 bullfrogs
  3 scorpions
  A water moccasin skeleton (D:7)
  3 killer bees (D:9)
  4 wights (D:10)
  3 crimson imps
  2 centaur zombies
  2 bullfrog zombies
  A quasit (D:10)
  4 hounds
  Crazy Yiuf (D:6)
  A gnoll shaman (D:9)
  5 jellies
  14 orc wizards
  5 orc priests
  2 bullfrog skeletons
  2 iguanas
  5 worker ants
  2 hound skeletons
  3 mummies (Ossuary)
  4 worker ant zombies
  10 adders
  18 gnolls
  2 shadow imps
  5 oozes
  2 adder skeletons
  5 worms
  A dart slug (D:5)
  4 leopard geckos
  46 orcs
  4 giant cockroaches
  7 goblins
  5 hobgoblins
  6 jackals
  4 quokkas
  3 bats
  4 frilled lizards
  2 gnoll skeletons (Ossuary)
  4 gnoll zombies (Ossuary)
  4 goblin skeletons (Ossuary)
  2 goblin zombies (Ossuary)
  3 hobgoblin zombies (Ossuary)
  A jackal skeleton (D:5)
  12 kobolds
  4 kobold skeletons (Ossuary)
  A kobold zombie (Ossuary)
  A leopard gecko skeleton (D:4)
  4 orc skeletons (Ossuary)
  3 orc zombies (Ossuary)
  A quokka skeleton (D:9)
  3 quokka zombies
  2 rats
  A rat skeleton (Ossuary)
  4 plants (D:10)
313 creatures vanquished.

Vanquished Creatures (others)
  A cyclops (D:9)
  2 slaves (D:8)
  A jelly (D:8)
  An orc (D:8)
  3 goblin skeletons (Ossuary)
  4 goblin zombies (Ossuary)
  2 hobgoblin skeletons (Ossuary)
  2 hobgoblin zombies (Ossuary)
  4 kobold skeletons (Ossuary)
  A kobold zombie (Ossuary)
  4 orc zombies (Ossuary)
  A rat skeleton (Ossuary)
  A rat zombie (Ossuary)
27 creatures vanquished.

Grand Total: 340 creatures vanquished

Notes
Turn   | Place    | Note
-------+----------+-------------------------------------------
     0 | D:1      | wyoknott the Minotaur Fighter began the quest for the Orb.
     0 | D:1      | Reached XP level 1. HP: 19/19 MP: 0/0
   112 | D:1      | Reached XP level 2. HP: 27/27 MP: 1/1
   176 | D:1      | Found a snail-covered altar of Cheibriados.
   705 | D:2      | Reached XP level 3. HP: 27/33 MP: 2/2
   776 | D:2      | You fall through a shaft!
   898 | D:3      | Reached XP level 4. HP: 24/40 MP: 3/3
   922 | D:3      | Found a burning altar of Makhleb.
   922 | D:3      | Found a hide-covered altar of Uskayaw.
   922 | D:3      | Found a deep blue altar of Sif Muna.
   974 | D:3      | Reached skill level 1 in Maces & Flails
  1258 | D:4      | Reached XP level 5. HP: 25/47 MP: 4/4
  1600 | D:4      | Found a runed gate.
  1601 | D:4      | Found a runed gate.
  1602 | D:4      | Found a runed gate.
  1606 | D:4      | Noticed onlghost's ghost (novice OpAs)
  1642 | D:4      | Killed onlghost's ghost
  1642 | D:4      | Reached skill level 5 in Armour
  1642 | D:4      | Reached skill level 1 in Dodging
  1642 | D:4      | Reached skill level 5 in Shields
  1642 | D:4      | Reached XP level 6. HP: 31/53 MP: 5/5
  1891 | D:4      | Reached XP level 7. HP: 48/60 MP: 6/6
  2404 | D:4      | Reached skill level 5 in Maces & Flails
  2508 | D:5      | Entered Level 5 of the Dungeon
  2566 | D:5      | Reached skill level 5 in Fighting
  2848 | D:5      | Found a sand-covered staircase.
  2872 | Ossuary  | Entered an ossuary
  3145 | Ossuary  | Noticed Menkaure
  3156 | Ossuary  | Killed Menkaure
  3689 | D:5      | Reached XP level 8. HP: 68/68 MP: 7/7
  4459 | D:6      | Found a glowing drain.
  4464 | Sewer    | Entered a sewer
  4608 | Sewer    | Noticed Purgy
  4618 | Sewer    | Killed Purgy
  4726 | D:6      | Found a staircase to the Ecumenical Temple.
  4746 | Temple   | Entered the Ecumenical Temple
  4779 | Temple   | Became a worshipper of Trog the Wrathful
  5315 | D:6      | Reached * piety under Trog
  5476 | D:6      | Found a runed door.
  5480 | D:6      | Noticed Crazy Yiuf
  5487 | D:6      | Killed Crazy Yiuf
  5555 | D:6      | Noticed Edmund
  5572 | D:6      | Killed Edmund
  5572 | D:6      | Reached XP level 9. HP: 70/75 MP: 8/8
  5684 | D:7      | Found a shattered altar of Ashenzari.
  5684 | D:7      | Found an ornate altar of the Wu Jian Council.
  5871 | D:7      | Reached skill level 1 in Stealth
  6729 | D:8      | Noticed Pikel
  6751 | D:8      | Killed Pikel
  6751 | D:8      | Reached skill level 10 in Maces & Flails
  6761 | D:8      | Reached skill level 5 in Dodging
  6879 | D:8      | Reached XP level 10. HP: 82/84 MP: 9/9
  6931 | D:8      | Reached ** piety under Trog
  6960 | D:8      | Found an iron altar of Okawaru.
  7068 | D:8      | Noticed Grum
  7084 | D:8      | Killed Grum
  7254 | D:8      | Noticed Joseph
  7279 | D:8      | Killed Joseph
  7284 | D:8      | Found an ornate altar of the Wu Jian Council.
  7480 | D:9      | Noticed a two-headed ogre
  7493 | D:9      | Killed a two-headed ogre
  7493 | D:9      | Reached skill level 10 in Shields
  7637 | D:9      | Identified a scroll of acquirement
  7873 | D:9      | Found a staircase to the Orcish Mines.
  7879 | D:9      | Noticed a cyclops
  7883 | D:9      | Killed a cyclops
  8002 | D:9      | Reached *** piety under Trog
  8164 | D:9      | Reached XP level 11. HP: 77/95 MP: 10/10
  8438 | D:10     | Entered Level 10 of the Dungeon
  8679 | D:10     | Found a staircase to the Lair.
  8783 | D:10     | Found a transporter.
  8793 | D:10     | Found a viscous altar of Jiyva.
  8815 | D:10     | Reached **** piety under Trog
  8904 | D:10     | Killed an unseen horror
  8904 | D:10     | Reached skill level 5 in Axes
  9004 | D:10     | Noticed a two-headed ogre
  9008 | D:10     | Killed a two-headed ogre
  9410 | D:10     | Found a transporter.
  9411 | D:10     | Noticed a glowing orange brain
  9432 | D:10     | Killed a glowing orange brain
  9444 | D:10     | Got a scorched hand axe
  9464 | D:10     | Identified the cursed +1 hand axe of the Turnip {freeze,
                  | rN+ MP+9} (You found it on level 10 of the Dungeon)
  9753 | D:11     | Noticed a four-headed hydra
  9761 | D:11     | Reached skill level 1 in Long Blades
  9763 | D:11     | HP: 4/145 [four-headed hydra (12)]
  9765 | D:11     | Slain by a six-headed hydra

Skill      XL: |  1  2  3  4  5  6  7  8  9 10 11 |
---------------+----------------------------------+-----
Axes           | 3 8 |  8.0
Armour         | 4 5 6 7 |  7.5
Shields        | 4 5 6 7 9 11 | 11.9
Fighting       | 4 5 6 8 9 |  9.1
Maces & Flails | 1 4 6 8 10 11 | 11.4
Dodging        | 1 3 5 6 7 |  7.6
Stealth        | 1 |  1.2
Long Blades    | 1 |  1.5
Throwing       | |  0.1

Action                   |  1- 3 |  4- 6 |  7- 9 | 10-12 || total
-------------------------+-------+-------+-------+-------++-------
Melee: War axe           |    36 |       |       |       ||    36
       Headbutt          |    10 |    23 |   113 |    93 ||   239
       Whip              |    41 |   108 |   524 |   128 ||   801
       Flail             |       |       |       |   171 ||   171
       Broad axe         |       |       |       |    94 ||    94
       Scimitar          |       |       |       |    21 ||    21
       Falchion          |       |       |       |    10 ||    10
Throw: Tomahawk          |       |       |     1 |       ||     1
Invok: Berserk           |       |       |       |     1 ||     1
  Use: Scroll            |     4 |     6 |     7 |    12 ||    29
  Eat: Ration            |       |     1 |     4 |     4 ||     9
       Chunk             |       |       |     4 |       ||     4
Armor: Chain mail        |    44 |    65 |    86 |       ||   195
       Troll leather arm |       |       |    69 |   102 ||   171
Dodge: Dodged            |    22 |    38 |   159 |   180 ||   399
Block: Shield            |    46 |    78 |   258 |   441 ||   823
       Reflection        |       |       |       |    13 ||    13
       Rpst.: Scimitar   |       |       |       |     3 ||     3
